 Dungeon Crawl Stone Soup version 0.30-a0-778-g2ef04afb54 (webtiles) character file.

Game seed: 6626089895828767397

483 Pimp the Chopper (level 6, -3/48 HPs)
             Began as a Demonspawn Berserker on Feb 16, 2023.
             Was a Priest of Trog.
             Killed from afar by Ijyb (21 damage)
             ... with a bolt of acid
             ... on level 4 of the Dungeon.
             The game lasted 00:11:35 (2880 turns).

Pimp the Chopper (Demonspawn Berserker)             Turns: 2880, Time: 00:11:36

Health: -3/48      AC: 12    Str: 18    XL:     6   Next: 87%
Magic:  6/6        EV: 10    Int:  8    God:    Trog [***...]
Gold:   195        SH:  8    Dex: 12    Spells: 5/5 levels left

rFire   x . .      SeeInvis .    f - +1 short sword (speed)
rCold   . . .      Faith    .    (no shield)
rNeg    . . .      Spirit   .    m - +0 chain mail
rPois   .          Reflect  .    c - +0 helmet
rElec   .          Harm     .    (no cloak)
rCorr   .          Rampage  .    n - +1 pair of gloves
Will    .....                    (no boots) Stlth
                                 (no amulet)
HPRegen 0.28/turn                (no ring)
MPRegen 0.10/turn                (no ring)

@: mighty
A: hooves 1, powered by pain 1, sturdy frame 2, condensation shield, large bone
plates 1, weak 1, evolution 1, heat vulnerability 1
a: Renounce Religion, Berserk, Trog's Hand


You were on level 4 of the Dungeon.
You worshipped Trog.
Trog was most pleased with you.
You visited 1 branch of the dungeon, and saw 4 of its levels.

You collected 195 gold pieces.

Inventory:

Hand Weapons
 a - a +1 hand axe
 f - a +1 short sword of speed (weapon)
Armour
 c - a +0 helmet (worn)
 m - a +0 chain mail (worn)
 n - a +1 pair of gloves (worn)
Jewellery
 h - an amulet of guardian spirit
Scrolls
 b - a scroll of enchant armour
 d - 4 scrolls of poison {unknown}
 g - 5 scrolls of identify
 k - a scroll of teleportation
Potions
 e - a potion of heal wounds
 i - a potion of curing
 l - a potion of flight


   Skills:
 + Level 4.1 Fighting
 + Level 2.4 Short Blades
 + Level 4.5 Axes
 + Level 3.0 Armour
 + Level 2.7 Dodging
 + Level 1.0 Stealth
 + Level 1.3 Shields


You had 5 spell levels left.
You didn't know any spells.
Your spell library was empty.

Dungeon Overview and Level Annotations

Branches:
Dungeon (4/15)
 Temple: D:4-7

Altars:
Ru

Annotations:
D:4 Ijyb


Innate Abilities, Weirdness & Mutations

You have large cloven feet.
You sometimes gain a little power by taking damage.
Your movements are less encumbered by armour. (ER -4)
A meltable shield of frost defends you. (SH +4)
You are partially covered in large bone plates. (SH +4)
You are weak. (Str -2)
You have hidden genetic potential.
You are vulnerable to heat. (rF-)


Message History

Trog accepts your kill.
You barely miss the orc. You kick the orc.
The orc is lightly wounded.
The orc completely misses you.
You puncture the orc!
You kill the orc!
Trog accepts your kill.
You hear the brisk rusting of a drain very nearby.
You hear the slow hiss of a distant avalanche of sand.
You block the worm's attack.
You puncture the worm! You kick the worm.
The worm is heavily wounded.
You barely miss the worm. You kick the worm!
You kill the worm!
Trog accepts your kill.
Your Armour skill increases to level 3!
You completely miss Ijyb. Your kick misses Ijyb. You barely miss Ijyb.
Your kick misses Ijyb. The hobgoblin closely misses you.
Ijyb barely misses you.
You hit Ijyb.
Ijyb is lightly wounded.
You barely miss the orc. The hobgoblin barely misses you. The orc misses you.
You block Ijyb's attack.
You hit the hobgoblin.
You kill the hobgoblin!
Trog accepts your kill.
You hit Ijyb but do no damage. You kick Ijyb, but do no damage.
Ijyb is lightly wounded.
The orc hits you with a +0 flail. Ijyb hits you but does no damage.
You hit the orc.
You kill the orc!
Trog accepts your kill.
You hit Ijyb.
Ijyb is moderately wounded.
Ijyb hits you with a +0 dagger. You block Ijyb's attack.
Things that are here:
a +0 flail; a +0 scale mail; an orc corpse Ijyb zaps a wand.
The bolt of acid hits you!!
You die...

..#.....~~~~~...
..#.....#..~#....#
..................
.........#...##...
............##....
...........>......
.............>....
.......)@.........
...###).g).#.$..
###.).## . #....#
####)## #....#
+..### #..# #..#


You could see Ijyb.

Vanquished Creatures
  Menkaure (D:4)
  A scorpion (D:4)
  A jelly (D:4)
  Jessica (D:3)
  An orc wizard (D:4)
  Robin (D:3)
  6 adders
  7 gnolls
  2 adder skeletons (D:2)
  4 worms
  2 dart slugs
  7 orcs
  4 bats
  4 endoplasms
  A giant cockroach (D:4)
  15 goblins
  9 hobgoblins
  3 jackals (D:1)
  4 quokkas
  6 frilled lizards
  11 kobolds
  A quokka skeleton (D:2)
  4 rats
96 creatures vanquished.

Vanquished Creatures (others)
  An orc wizard (D:4)
  A hobgoblin (D:4)
  2 plants (D:3)
  A withered plant (D:2)
5 creatures vanquished.

Grand Total: 101 creatures vanquished

Notes
Turn   | Place    | Note
-------+----------+-------------------------------------------
     0 | D:1      | Pimp the Demonspawn Berserker began the quest for the Orb.
     0 | D:1      | Reached XP level 1. HP: 18/18 MP: 1/1
   184 | D:1      | Gained mutation: You have large cloven feet. [demonic
                  | ancestry]
   184 | D:1      | Reached XP level 2. HP: 20/24 MP: 2/2
   765 | D:2      | Gained mutation: You sometimes gain a little power by
                  | taking damage. [demonic ancestry]
   765 | D:2      | Reached XP level 3. HP: 28/29 MP: 3/3
   816 | D:2      | Found a sacrificial altar of Ru.
   833 | D:2      | Reached ** piety under Trog
  1057 | D:2      | Gained mutation: Your flesh is heat resistant. (rF+)
                  | [potion of mutation]
  1057 | D:2      | Gained mutation: Your spells are a little harder to cast,
                  | but a little more powerful. [potion of mutation]
  1057 | D:2      | Gained mutation: You are frail. (-10% HP) [potion of
                  | mutation]
  1087 | D:2      | Lost mutation: You are frail. (-10% HP) [potion of
                  | mutation]
  1087 | D:2      | Lost mutation: Your flesh is heat resistant. (rF+) [potion
                  | of mutation]
  1087 | D:2      | Gained mutation: You are dopey. (Int -2) [potion of
                  | mutation]
  1092 | D:2      | Lost mutation: You are dopey. (Int -2) [potion of mutation]
  1092 | D:2      | Lost mutation: Your spells are a little harder to cast, but
                  | a little more powerful. [potion of mutation]
  1092 | D:2      | Gained mutation: You are vulnerable to heat. (rF-) [potion
                  | of mutation]
  1092 | D:2      | Gained mutation: You are partially covered in large bone
                  | plates. (SH +4) [potion of mutation]
  1092 | D:2      | Gained mutation: You are weak. (Str -2) [potion of
                  | mutation]
  1092 | D:2      | Gained mutation: You have hidden genetic potential. [potion
                  | of mutation]
  1225 | D:2      | Gained mutation: Your movements are slightly less
                  | encumbered by armour. (ER -2) [demonic ancestry]
  1225 | D:2      | Reached XP level 4. HP: 36/36 MP: 4/4
  1719 | D:3      | Noticed Robin
  1764 | D:3      | Killed Robin
  1962 | D:3      | Gained mutation: Your movements are less encumbered by
                  | armour. (ER -4) [demonic ancestry]
  1962 | D:3      | Reached XP level 5. HP: 32/42 MP: 5/5
  2073 | D:3      | Found a faded altar of an unknown god.
  2112 | D:3      | Noticed Jessica
  2135 | D:3      | Killed Jessica
  2242 | D:3      | Reached *** piety under Trog
  2819 | D:4      | Noticed Menkaure
  2836 | D:4      | Reached skill level 1 in Short Blades
  2836 | D:4      | Gained mutation: A meltable shield of frost defends you.
                  | (SH +4) [demonic ancestry]
  2836 | D:4      | Reached XP level 6. HP: 25/48 MP: 6/6
  2840 | D:4      | Killed Menkaure
  2841 | D:4      | Reached skill level 1 in Stealth
  2841 | D:4      | Reached skill level 1 in Shields
  2857 | D:4      | Noticed Ijyb
  2880 | D:4      | Killed from afar by Ijyb

Illustrated notes

Levels and vault maps discovered:
D:1:      lightli_molten_gateway, layout_basic, serial_bayou_pond_c
D:2:      layout_basic, serial_undead, serial_undead_b, serial_undead_f,
          serial_undead_d, serial_undead_f, basic_altar
D:3:      layout_rooms, mainiacjoe_overflow_paths,
          shapermc_ecumenical_altar_mp_ritualfount, uniq_jessica, uniq_robin
D:4:      minmay_wonky_spiral, layout_cave_pools, nemelex_spade_bored_becter,
          okawaru_altar_gauntlet_db, cheibrodos_sewer_entry_drain,
          chequers_ossuary_entry_cave, chequers_jeans, dreamdust_gnoll_farm,
          uniq_ijyb, uniq_menkaure, uniq_duvessa

Skill      XL: |  1  2  3  4  5  6 |
---------------+-------------------+-----
Axes           | 3 4 |  4.5
Dodging        | 2 |  2.7
Armour         | 2 3 |  3.0
Fighting       | 4 |  4.1
Short Blades   | 1 2 |  2.4
Stealth        | 1 |  1.0
Shields        | 1 |  1.3

Action                     |  1- 3 |  4- 6 || total
---------------------------+-------+-------++-------
  Melee: Hand axe          |   103 |    78 ||   181
         Kick              |    17 |    60 ||    77
         Punch             |       |     1 ||     1
         Short sword       |       |   140 ||   140
    Use: Scroll            |     8 |       ||     8
         Potion            |     6 |     2 ||     8
   Stab: Sleeping          |     2 |       ||     2
 Armour: Animal skin       |    24 |       ||    24
         Chain mail        |     8 |    92 ||   100
  Dodge: Dodged            |    59 |    84 ||   143
  Block: Other             |     3 |    41 ||    44

Table legend: (Time is in decaauts)
 A = Elapsed time spent in this place.
 B = Non-inter-level travel time spent in this place.
 C = Inter-level travel time spent in this place.
 D = Time resting spent in this place.
 E = Time spent auto-exploring this place.
 F = Levels seen in this place.
 G = Mean time per level.
                   A        B        C        D        E       F      G
               +--------+--------+--------+--------+--------+-----+--------+
         Total |   2851 |   2788 |     63 |      0 |   2034 |   4 |  712.8 |
       Dungeon |   2851 |   2788 |     63 |      0 |   2034 |   4 |  712.8 |
               +--------+--------+--------+--------+--------+-----+--------+

Top non-repeatable levels by time:
     D:2: 999 daAuts
     D:3: 868 daAuts
     D:1: 724 daAuts
     D:4: 259 daAuts
